 Dungeon Crawl Stone Soup version 0.17-a0-1945-gfe993df (webtiles) character file.

657 ololoev the Chopper (level 7, 47/62 HPs)
             Began as a Hill Orc Fighter on Sept 30, 2015.
             Was an Initiate of Makhleb.
             Starved to death
             ... on level 9 of the Dungeon.
             The game lasted 00:08:44 (1243 turns).

ololoev the Chopper (Hill Orc Fighter)              Turns: 1243, Time: 00:08:44

Health: 47/62      AC: 13    Str: 21    XL:     7   Next: 55%
Magic:  8/8        EV:  6    Int:  8    God:    Makhleb [......]
Gold:   163        SH:  0    Dex: 10    Spells: 0 memorised, 6 levels left

rFire  + . .     SeeInvis .     a - +0 war axe
rCold  + . .     Clarity  .     m - +0 plate armour
rNeg   . . .     SustAt   .     (no shield)
rPois  +         Gourm    .     (no helmet)
rElec  +         Spirit   .     g - +0 cloak
rCorr  +         Warding  .     (no gloves)
rMut   .         Stasis   .     (no boots)
MR     .....                    (no amulet)
Stlth  ..........               (no ring)
                                (no ring)

@: resistant, very slightly contaminated, fainting, hasted, very quick, not
resistant to hostile enchantments, extremely unstealthy
A: no striking features
a: Renounce Religion

Inventory:

Hand weapons
 a - a +0 war axe (weapon)
Armour
 g - a +0 cloak (worn)
 m - a +0 plate armour (worn)
Magical devices
 c - a wand of polymorph (18)
 h - a wand of frost (21)
Scrolls
 d - a scroll of remove curse {unknown}
 f - a scroll of noise {unknown}
 j - a scroll of fog {unknown}
 k - 2 scrolls of teleportation {unknown}
 l - 2 scrolls of identify {unknown}
 n - a scroll of enchant armour {unknown}
Potions
 b - a potion of magic {unknown}


   Skills:
 + Level 5.7 Fighting
 * Level 7.7 Axes
 + Level 5.3 Armour
   Level 3.2 Shields
 + Level 2.2 Invocations


You had 6 spell levels left.
You didn't know any spells.


You were on level 9 of the Dungeon.
You worshipped Makhleb.
Makhleb was noncommittal.
You were fainting.

You visited 2 branches of the dungeon, and saw 11 of its levels.

You collected 163 gold pieces.

.##..... .# ..#...... .#
..#...... #####.#
......... #.....# ..#...
#.....# ..#... #.....#
.##.######## #.....##+###
###........# #...........
...........####.@.........
##.......................#
.....................#..##
##.......#####.########..#
#.......# #.# .รท.
#.......# #.# .# #########
#.# ###

Notes
Turn   | Place    | Note
--------------------------------------------------------------
     0 | D:1      | ololoev the Hill Orc Fighter began the quest for the Orb.
     0 | D:1      | Reached XP level 1. HP: 19/19 MP: 1/1
   103 | D:2      | Reached XP level 2. HP: 27/27 MP: 2/2
   116 | D:2      | Reached skill level 4 in Axes
   116 | D:2      | Reached XP level 3. HP: 22/33 MP: 3/3
   220 | D:3      | Reached XP level 4. HP: 21/40 MP: 4/4
   481 | D:4      | Found a staircase to the Ecumenical Temple.
   481 | D:4      | Noticed an ogre
   494 | D:4      | Killed an ogre
   494 | D:4      | Reached skill level 5 in Axes
   494 | D:4      | Reached XP level 5. HP: 35/47 MP: 5/5
   526 | Temple   | Entered the Ecumenical Temple
   539 | Temple   | Became a worshipper of Makhleb the Destroyer
   598 | D:5      | Entered Level 5 of the Dungeon
   726 | D:7      | Noticed a black bear
   737 | D:7      | Killed a black bear
   737 | D:7      | Reached skill level 5 in Fighting
   737 | D:7      | Reached skill level 6 in Axes
   737 | D:7      | Reached XP level 6. HP: 31/56 MP: 6/6
  1084 | D:9      | Noticed a hippogriff
  1093 | D:9      | Killed a hippogriff
  1093 | D:9      | Reached skill level 7 in Axes
  1093 | D:9      | Reached skill level 5 in Armour
  1093 | D:9      | Reached skill level 1 in Invocations
  1093 | D:9      | Reached XP level 7. HP: 47/61 MP: 6/8
  1145 | D:10     | Entered Level 10 of the Dungeon
  1159 | D:9      | Found a deep blue altar of Sif Muna.
  1202 | D:9      | Noticed a hungry ghost
  1242 | D:9      | Killed a hungry ghost
  1243 | D:9      | Starved to death

Dungeon Overview and Level Annotations

Branches:
Dungeon (10/15)            Temple (1/1) D:4
   Lair: D:8-11         Orc: D:9-12

Altars:
Cheibriados
Dithmenos
Makhleb
Nemelex Xobeh
Ru
Sif Muna
Vehumet
Yredelemnul
Zin
The Shining One


Message History

The hungry ghost is severely damaged.
The hungry ghost hits you.
You feel somewhat more hungry.
You slash the hungry ghost!
The hungry ghost is almost destroyed.
You hit the hungry ghost but do no damage.
The hungry ghost is almost destroyed.
The hungry ghost hits you.
You are starving!
You completely miss the hungry ghost.
The hungry ghost is almost destroyed.
The hungry ghost hits you.
You feel somewhat more hungry.
You closely miss the hungry ghost.
The hungry ghost is almost destroyed.
The hungry ghost hits you.
You are fainting from starvation!
Your plate armour prevents you from hitting the hungry ghost.
The hungry ghost is almost destroyed.
You closely miss the hungry ghost.
The hungry ghost is almost destroyed.
The hungry ghost hits you.
You feel slightly more hungry.
You miss the hungry ghost.
The hungry ghost is almost destroyed.
You lose consciousness!
The hungry ghost hits you.
You feel slightly more hungry. The hungry ghost barely misses you.
The hungry ghost hits you.
You feel slightly more hungry. The hungry ghost hits you.
You feel slightly more hungry. The hungry ghost hits you.
You feel slightly more hungry. The hungry ghost barely misses you.
The hungry ghost hits you.
You feel slightly more hungry. The hungry ghost hits you.
You feel slightly more hungry. The hungry ghost barely misses you.
You can move again.
You hit the hungry ghost.
You destroy the hungry ghost!
Makhleb accepts your kill.
Your Invocations skill increases to level 2!
You aren't carrying any food.
You have starved to death.
You die...

There were no monsters in sight!

Vanquished Creatures
  A hippogriff (D:9)
  A hungry ghost (D:9)
  A black bear (D:7)
  A phantom (D:8)
  An ogre (D:4)
  A hound (D:8)
  An orc wizard (D:3)
  5 adders
  An ooze (D:2)
  2 giant geckos
  3 orcs (D:3)
  2 ball pythons
  2 giant cockroaches
  3 hobgoblins
  A quokka (D:2)
  3 bats
  A goblin (D:3)
  2 kobolds
  3 rats
35 creatures vanquished.

Action                   |  1- 3 |  4- 6 |  7- 9 || total
-------------------------+-------+-------+-------++-------
Melee: War axe           |    31 |   111 |    17 ||   159
Evoke: Wand              |       |     3 |       ||     3
  Use: Potion            |     1 |     6 |     2 ||     9
  Eat: Bread ration      |       |       |     2 ||     2

Vault maps used:
D:1:      dpeg_arrival_stonehenge_8_columns, minmay_misc_feat_plants,
          serial_park_tiny_2, minivault_23
D:2:      eino_curves_03
D:3:      kennysheep_goblin_castle, serial_corexii_hall, corexii_hall_statues_t,
          corexii_hall_statues_i, minmay_misc_feat_pillars
D:4:      kennysheep_the_goblin_king, grunt_gozag_breadcrumbs,
          minmay_temple_entry_overgrown, first_bread, serial_shops, shop,
          uniq_robin
D:7:      grunt_temple_overflow_open
D:9:      old_standard_altar, david_orc_5, grunt_ogre_cave
D:10:     lair_0_dummy, hangedman_decor_slide_cut, grunt_decor_cap, uniq_maurice
Temple:   circular_temple_12
